General information
- name: BNet
- type: Ladder team game (AT/RT)
- host: Battle.net
- saver: GoblinAlchemist
map: DragonFalls
- players: 8
- length: 33:46
- speed: Fast
- version: 1.28 W3XP
- replay type: Public
» download(224 KB)
Players
team 1 (loser)
WWP-DeMoNhUnTeR (
red | 82 APM | 1094 actions | 13:19)
3 Blademaster
2 Wind Walk
1 Critical Strike
» actions
| Assign group hotkey | 7 | |
| Build / train | 34 | |
| ESC pressed | 2 | |
| Enter build submenu | 18 | |
| Enter hero's abilities submenu | 3 | |
| Give item / drop item | 2 | |
| Right click | 665 | |
| Select / deselect | 100 | |
| Select group hotkey | 227 | |
| Use ability | 36 | |
1094 total
» units
» upgrades
| Liquid Fire | 1 | |
| Reinforced Defenses | 1 | |
2 total
» buildings
| Altar of Storms | 1 | |
| Orc Burrow | 5 | |
| Voodoo Lounge | 1 | |
| War Mill | 1 | |
| Stronghold | 1 | |
| Watch Tower | 5 | |
| Fortress | 1 | |
| Beastiary | 3 | |
18 total
» build order
00:07 Altar of Storms
00:11 Orc Burrow
00:25 Voodoo Lounge
02:02 War Mill
02:17 Stronghold
02:34 Orc Burrow
04:18 Orc Burrow
04:25 Watch Tower
05:31 Fortress
05:58 Beastiary
05:59 Beastiary
06:02 Beastiary
07:02 Watch Tower
07:30 Watch Tower
08:16 Watch Tower
09:38 Watch Tower
10:26 Orc Burrow
12:41 Orc Burrow
» items
| Healing Salve | 1 | |
| Lesser Clarity Potion | 2 | |
| Scroll of Speed | 1 | |
| Boots of Speed | 1 | |
| Circlet of Nobility | 1 | |
| Staff of Teleportation | 1 | |
| Orb of Lightning | 1 | |
8 total
n123 (
green | 116 APM | 1752 actions | 15:05)
5 Priestess of the Moon
2 Searing Arrows
3 Trueshot Aura
» actions
| Assign group hotkey | 29 | |
| Basic commands | 5 | |
| Build / train | 48 | |
| Enter build submenu | 18 | |
| Enter hero's abilities submenu | 5 | |
| Give item / drop item | 1 | |
| Right click | 572 | |
| Select / deselect | 207 | |
| Select group hotkey | 842 | |
| Use ability | 25 | |
1752 total
» units
| Wisp | 19 | |
| Archer | 6 | |
| Druid of the Talon | 3 | |
| Chimaera | 7 | |
35 total
» upgrades
| Improved Bows | 1 | |
| Druid of the Talon Training | 2 | |
| Corrosive Breath | 1 | |
4 total
» buildings
| Altar of Elders | 1 | |
| Moon Well | 5 | |
| Ancient of War | 1 | |
| Tree of Ages | 1 | |
| Ancient of Wonders | 1 | |
| Ancient of Wind | 1 | |
| Tree of Eternity | 1 | |
| Tree of Life | 2 | |
| Chimaera Roost | 3 | |
16 total
» build order
00:10 Altar of Elders
00:19 Moon Well
01:00 Ancient of War
01:31 Moon Well
01:54 Moon Well
02:21 Moon Well
03:16 Tree of Ages
04:07 Ancient of Wonders
05:42 Ancient of Wind
06:10 Tree of Eternity
06:12 Moon Well
07:25 Tree of Life
08:36 Chimaera Roost
08:38 Chimaera Roost
08:51 Tree of Life
09:36 Chimaera Roost
» items
GoblinAlchemist (
purple | 102 APM | 3446 actions | 33:46)
7 Goblin Alchemist
3 Acid Bomb
2 Healing Spray
1 Transmute
1 Chemical Rage
» actions
| Assign group hotkey | 143 | |
| Basic commands | 58 | |
| Build / train | 251 | |
| ESC pressed | 16 | |
| Enter build submenu | 89 | |
| Enter hero's abilities submenu | 8 | |
| Give item / drop item | 6 | |
| Right click | 1353 | |
| Select / deselect | 440 | |
| Select group hotkey | 862 | |
| Use ability | 220 | |
3446 total
» units
| Peasant | 15 | |
| Footman | 7 | |
| Rifleman | 8 | |
| Goblin Shredder | 3 | |
| Gryphon Rider | 2 | |
| Sorceress | 3 | |
| Priest | 2 | |
| Spell Breaker | 2 | |
| Flying Machine | 1 | |
43 total
» upgrades
| Masonry | 4 | |
| Gunpowder | 2 | |
| Long Rifles | 1 | |
| Swords | 3 | |
| Storm Hammers | 1 | |
| Cloud | 1 | |
| Animal War Training | 1 | |
| Armor | 3 | |
| Magic Sentry | 2 | |
| Sorceress Training | 2 | |
| Priest Training | 2 | |
| Plating | 3 | |
| Flak Cannons | 1 | |
| Flying Machine Bombs | 1 | |
27 total
» buildings
| Altar of Kings | 1 | |
| Farm | 13 | |
| Barracks | 3 | |
| Arcane Vault | 2 | |
| Lumber Mill | 1 | |
| Blacksmith | 1 | |
| Scout Tower | 50 | |
| Arcane Tower | 19 | |
| Keep | 5 | |
| Town Hall | 2 | |
| Guard Tower | 81 | |
| Castle | 7 | |
| Gryphon Aviary | 2 | |
| Arcane Sanctum | 3 | |
| Moon Well | 5 | |
| Workshop | 1 | |
196 total
» build order
01:04 Altar of Kings
01:06 Farm
01:09 Barracks
01:21 Farm
01:27 Farm
01:38 Arcane Vault
02:01 Lumber Mill
02:27 Farm
03:08 Blacksmith
03:51 Farm
03:56 Scout Tower
04:10 Scout Tower
04:24 Arcane Tower
04:24 Arcane Tower
04:44 Arcane Tower
04:44 Arcane Tower
06:17 Keep
06:18 Keep
06:18 Keep
06:40 Town Hall
06:42 Scout Tower
06:45 Scout Tower
07:12 Arcane Tower
07:12 Arcane Tower
07:12 Arcane Tower
08:12 Guard Tower
08:12 Guard Tower
08:55 Castle
08:55 Castle
09:49 Gryphon Aviary
09:50 Gryphon Aviary
10:11 Farm
11:09 Scout Tower
11:10 Scout Tower
11:12 Scout Tower
11:17 Scout Tower
11:18 Scout Tower
12:14 Guard Tower
12:14 Guard Tower
12:15 Guard Tower
12:17 Scout Tower
12:18 Scout Tower
13:35 Guard Tower
13:35 Guard Tower
13:35 Guard Tower
13:55 Guard Tower
13:55 Guard Tower
13:55 Guard Tower
13:56 Guard Tower
14:35 Scout Tower
14:37 Scout Tower
14:38 Scout Tower
15:41 Guard Tower
15:41 Guard Tower
15:41 Guard Tower
15:42 Guard Tower
15:47 Scout Tower
15:48 Scout Tower
15:49 Scout Tower
15:50 Scout Tower
15:51 Scout Tower
15:53 Scout Tower
15:56 Scout Tower
16:06 Scout Tower
16:07 Scout Tower
16:08 Scout Tower
16:09 Scout Tower
16:10 Scout Tower
16:45 Guard Tower
16:45 Guard Tower
16:45 Guard Tower
17:07 Guard Tower
17:07 Guard Tower
17:08 Guard Tower
17:09 Scout Tower
17:10 Scout Tower
17:11 Scout Tower
17:12 Scout Tower
17:15 Guard Tower
17:15 Guard Tower
17:17 Scout Tower
17:18 Scout Tower
17:19 Scout Tower
17:22 Scout Tower
17:36 Arcane Sanctum
17:38 Arcane Sanctum
17:39 Guard Tower
17:39 Guard Tower
17:39 Guard Tower
17:40 Arcane Sanctum
18:01 Scout Tower
18:28 Guard Tower
18:28 Guard Tower
18:29 Scout Tower
18:32 Scout Tower
18:36 Guard Tower
18:37 Guard Tower
18:37 Guard Tower
18:37 Guard Tower
18:38 Scout Tower
18:41 Scout Tower
18:45 Scout Tower
18:50 Scout Tower
19:02 Guard Tower
19:02 Guard Tower
20:16 Guard Tower
20:16 Guard Tower
20:16 Guard Tower
20:20 Castle
20:21 Castle
20:21 Castle
20:34 Moon Well
20:35 Moon Well
20:36 Moon Well
20:37 Moon Well
20:39 Moon Well
21:30 Farm
21:34 Farm
21:39 Farm
23:03 Town Hall
23:08 Farm
23:09 Farm
23:13 Farm
23:16 Farm
24:09 Scout Tower
24:11 Scout Tower
24:17 Scout Tower
24:28 Scout Tower
24:45 Arcane Vault
24:47 Guard Tower
24:47 Guard Tower
24:47 Guard Tower
24:47 Guard Tower
24:48 Guard Tower
24:48 Guard Tower
24:48 Guard Tower
24:48 Guard Tower
24:50 Scout Tower
24:51 Scout Tower
24:55 Scout Tower
24:56 Scout Tower
24:59 Scout Tower
25:00 Guard Tower
25:01 Guard Tower
25:01 Guard Tower
25:21 Barracks
25:23 Barracks
25:25 Workshop
25:34 Guard Tower
25:34 Guard Tower
25:35 Guard Tower
25:35 Guard Tower
25:41 Arcane Tower
25:41 Arcane Tower
25:43 Arcane Tower
25:43 Arcane Tower
25:43 Arcane Tower
29:03 Guard Tower
29:03 Guard Tower
29:03 Guard Tower
29:03 Guard Tower
» items
| Scroll of Regeneration | 4 | |
| Periapt of Vitality | 1 | |
| Scroll of Healing | 1 | |
| Potion of Lesser Invulnerability | 1 | |
| Healing Salve | 1 | |
| Orb of Lightning | 1 | |
| Lesser Clarity Potion | 2 | |
| Scroll of Town Portal | 2 | |
13 total
Tiro (
pink | 32 APM | 510 actions | 15:43)
3 Mountain King
2 Storm Bolt
1 Thunder Clap
» actions
| Build / train | 58 | |
| Enter build submenu | 22 | |
| Enter hero's abilities submenu | 3 | |
| Right click | 214 | |
| Select / deselect | 174 | |
| Use ability | 39 | |
510 total
» units
| Peasant | 15 | |
| Rifleman | 9 | |
| Sorceress | 6 | |
| Priest | 5 | |
| Wind Rider | 2 | |
37 total
» upgrades
| Masonry | 1 | |
| Gunpowder | 2 | |
| Armor | 1 | |
| Lumber Harvesting | 1 | |
| Sorceress Training | 1 | |
| Priest Training | 1 | |
| Long Rifles | 1 | |
8 total
» buildings
| Altar of Kings | 1 | |
| Lumber Mill | 1 | |
| Farm | 8 | |
| Blacksmith | 2 | |
| Scout Tower | 5 | |
| Guard Tower | 5 | |
| Arcane Tower | 1 | |
| Keep | 1 | |
| Barracks | 1 | |
| Arcane Sanctum | 2 | |
| Town Hall | 2 | |
29 total
» build order
00:36 Altar of Kings
00:43 Lumber Mill
00:55 Farm
01:02 Blacksmith
01:32 Farm
01:49 Scout Tower
01:54 Scout Tower
02:02 Scout Tower
02:29 Guard Tower
02:48 Guard Tower
02:59 Arcane Tower
03:22 Blacksmith
03:40 Keep
04:07 Barracks
04:51 Farm
05:51 Farm
06:22 Arcane Sanctum
06:31 Arcane Sanctum
06:41 Farm
07:32 Farm
08:12 Town Hall
08:17 Scout Tower
08:20 Scout Tower
09:18 Guard Tower
09:19 Guard Tower
09:49 Farm
10:06 Guard Tower
10:31 Farm
11:10 Town Hall
team 2 (winner)
THEDONALD (
orange | 86 APM | 2459 actions | 28:41)
4 Blademaster
2 Wind Walk
2 Critical Strike
4 Shadow Hunter
2 Healing Wave
2 Hex
1 Beastmaster
1 Summon Hawk
» actions
| Assign group hotkey | 37 | |
| Basic commands | 50 | |
| Build / train | 111 | |
| Enter build submenu | 30 | |
| Enter hero's abilities submenu | 9 | |
| Give item / drop item | 1 | |
| Remove unit from queue | 8 | |
| Right click | 1369 | |
| Select / deselect | 458 | |
| Select group hotkey | 279 | |
| Use ability | 107 | |
2459 total
» units
| Peon | 23 | |
| Raider | 24 | |
| Shaman | 18 | |
| Demolisher | 3 | |
68 total
» upgrades
| Armor | 2 | |
| Shaman Training | 2 | |
| Ensnare | 1 | |
| Pillage | 1 | |
| Melee Weapons | 2 | |
| Burning Oil | 1 | |
9 total
» buildings
| Altar of Storms | 1 | |
| Orc Burrow | 8 | |
| Voodoo Lounge | 1 | |
| War Mill | 1 | |
| Stronghold | 1 | |
| Spirit Lodge | 1 | |
| Beastiary | 1 | |
| Fortress | 3 | |
| Great Hall | 2 | |
| Barracks | 2 | |
21 total
» build order
00:07 Altar of Storms
00:11 Orc Burrow
00:44 Voodoo Lounge
01:13 War Mill
02:20 Stronghold
02:34 Orc Burrow
04:23 Orc Burrow
04:44 Spirit Lodge
05:25 Beastiary
06:20 Fortress
06:20 Fortress
08:19 Orc Burrow
08:42 Great Hall
09:02 Orc Burrow
10:11 Orc Burrow
17:48 Orc Burrow
18:10 Orc Burrow
20:06 Barracks
20:13 Barracks
22:46 Great Hall
» items
| Healing Salve | 3 | |
| Lesser Clarity Potion | 1 | |
| Scroll of Speed | 1 | |
| Potion of Lesser Invulnerability | 1 | |
| Boots of Speed | 1 | |
| Potion of Healing | 1 | |
| Scroll of Town Portal | 1 | |
9 total
fukyougringo (
yellow | 55 APM | 1740 actions | 31:34)
4 Tauren Chieftain
2 Endurance Aura
2 War Stomp
4 Shadow Hunter
2 Hex
2 Healing Wave
» actions
| Assign group hotkey | 47 | |
| Basic commands | 304 | |
| Build / train | 59 | |
| ESC pressed | 2 | |
| Enter build submenu | 18 | |
| Enter hero's abilities submenu | 8 | |
| Give item / drop item | 2 | |
| Right click | 376 | |
| Select / deselect | 348 | |
| Select group hotkey | 514 | |
| Use ability | 62 | |
1740 total
» units
| Peon | 12 | |
| Raider | 14 | |
| Kodo Beast | 1 | |
| Troll Batrider | 1 | |
28 total
» upgrades
| Spiked Barricades | 3 | |
| Melee Weapons | 3 | |
| Pillage | 1 | |
| Ensnare | 1 | |
| Armor | 3 | |
| Reinforced Defenses | 1 | |
| Ranged Weapons | 2 | |
| War Drums Damage Increase | 1 | |
| Liquid Fire | 1 | |
16 total
» buildings
| Orc Burrow | 7 | |
| Altar of Storms | 1 | |
| War Mill | 1 | |
| Watch Tower | 4 | |
| Stronghold | 1 | |
| Beastiary | 2 | |
| Fortress | 1 | |
| Great Hall | 3 | |
| Voodoo Lounge | 1 | |
21 total
» build order
00:34 Orc Burrow
00:41 Altar of Storms
01:04 War Mill
01:38 Orc Burrow
02:33 Watch Tower
02:41 Orc Burrow
03:19 Watch Tower
03:24 Watch Tower
03:29 Watch Tower
04:33 Stronghold
04:47 Orc Burrow
06:12 Orc Burrow
07:06 Beastiary
07:08 Beastiary
08:38 Fortress
09:06 Orc Burrow
15:24 Great Hall
17:05 Orc Burrow
22:04 Great Hall
25:28 Great Hall
26:12 Voodoo Lounge
» items
| Dust of Appearance | 1 | |
| Scroll of Protection | 2 | |
3 total
TEAM-YENNEFER (
blue | 56 APM | 1824 actions | 32:21)
4 Goblin Tinker
2 Pocket Factory
2 Engineering Upgrade
» actions
| Assign group hotkey | 40 | |
| Basic commands | 119 | |
| Build / train | 78 | |
| Enter build submenu | 24 | |
| Enter hero's abilities submenu | 4 | |
| Remove unit from queue | 3 | |
| Right click | 735 | |
| Select / deselect | 307 | |
| Select group hotkey | 417 | |
| Use ability | 97 | |
1824 total
» units
| Peon | 14 | |
| Raider | 8 | |
| Goblin Shredder | 3 | |
| Wind Rider | 3 | |
| Goblin Zeppelin | 1 | |
| Goblin Sapper | 15 | |
44 total
» upgrades
| Ranged Weapons | 2 | |
| Ensnare | 1 | |
| Melee Weapons | 2 | |
| Reinforced Defenses | 1 | |
| Pillage | 1 | |
| Armor | 2 | |
| Envenomed Spears | 1 | |
10 total
» buildings
| Altar of Storms | 1 | |
| Orc Burrow | 5 | |
| Voodoo Lounge | 2 | |
| Stronghold | 3 | |
| War Mill | 2 | |
| Beastiary | 4 | |
| Watch Tower | 16 | |
| Fortress | 1 | |
| Great Hall | 2 | |
36 total
» build order
00:12 Altar of Storms
00:20 Orc Burrow
01:05 Voodoo Lounge
02:38 Stronghold
02:38 Stronghold
02:52 War Mill
02:55 Orc Burrow
03:19 Orc Burrow
05:15 Beastiary
05:16 Beastiary
06:09 Watch Tower
06:09 Watch Tower
06:15 Watch Tower
06:15 Watch Tower
06:19 Fortress
08:24 Orc Burrow
10:28 Watch Tower
10:28 Watch Tower
10:28 Watch Tower
11:08 Watch Tower
11:09 Watch Tower
11:38 Watch Tower
12:02 Watch Tower
12:41 Great Hall
13:00 Voodoo Lounge
15:00 Beastiary
15:42 Great Hall
18:29 War Mill
18:38 Orc Burrow
19:40 Beastiary
22:11 Watch Tower
22:11 Watch Tower
22:11 Watch Tower
22:12 Watch Tower
22:12 Watch Tower
» items
| Dust of Appearance | 1 | |
| Staff of Teleportation | 1 | |
| Scroll of Healing | 2 | |
| Potion of Lesser Invulnerability | 1 | |
| Orb of Lightning | 1 | |
6 total
RoboCop (
teal | 52 APM | 1752 actions | 33:46)
5 Goblin Tinker
2 Pocket Factory
3 Engineering Upgrade
» actions
| Assign group hotkey | 44 | |
| Basic commands | 127 | |
| Build / train | 86 | |
| Enter build submenu | 55 | |
| Enter hero's abilities submenu | 5 | |
| Give item / drop item | 12 | |
| Remove unit from queue | 1 | |
| Right click | 778 | |
| Select / deselect | 351 | |
| Select group hotkey | 153 | |
| Use ability | 140 | |
1752 total
» units
| Peasant | 23 | |
| Footman | 4 | |
| Goblin Zeppelin | 4 | |
| Goblin Shredder | 1 | |
| Green Dragon | 2 | |
| Gryphon Rider | 4 | |
| Goblin Sapper | 4 | |
42 total
» upgrades
| Lumber Harvesting | 2 | |
| Masonry | 2 | |
| Magic Sentry | 1 | |
| Swords | 3 | |
| Armor | 3 | |
| Storm Hammers | 1 | |
| Animal War Training | 1 | |
13 total
» buildings
| Altar of Kings | 2 | |
| Barracks | 3 | |
| Farm | 15 | |
| Scout Tower | 22 | |
| Arcane Tower | 3 | |
| Keep | 1 | |
| Lumber Mill | 1 | |
| Arcane Vault | 1 | |
| Town Hall | 2 | |
| Castle | 1 | |
| Arcane Sanctum | 1 | |
| Guard Tower | 5 | |
| Gryphon Aviary | 4 | |
| Blacksmith | 2 | |
| Orc Burrow | 1 | |
64 total
» build order
00:37 Altar of Kings
00:38 Barracks
00:55 Altar of Kings
00:57 Barracks
00:59 Farm
01:01 Farm
01:07 Farm
01:49 Farm
02:40 Scout Tower
03:07 Arcane Tower
04:27 Keep
04:31 Lumber Mill
04:33 Scout Tower
04:34 Scout Tower
04:44 Arcane Vault
05:05 Scout Tower
05:16 Arcane Tower
07:21 Town Hall
07:23 Scout Tower
08:28 Castle
08:33 Arcane Tower
09:57 Arcane Sanctum
11:18 Scout Tower
11:19 Scout Tower
11:19 Scout Tower
11:20 Scout Tower
11:20 Scout Tower
11:20 Scout Tower
11:21 Scout Tower
11:54 Guard Tower
12:00 Scout Tower
12:00 Scout Tower
12:01 Scout Tower
12:02 Scout Tower
12:09 Guard Tower
12:30 Guard Tower
13:01 Scout Tower
13:01 Scout Tower
13:02 Scout Tower
13:02 Scout Tower
13:03 Scout Tower
15:36 Guard Tower
15:38 Guard Tower
16:55 Gryphon Aviary
16:55 Gryphon Aviary
16:56 Gryphon Aviary
16:57 Gryphon Aviary
17:01 Blacksmith
17:02 Blacksmith
17:08 Farm
17:08 Farm
17:09 Farm
17:09 Farm
17:09 Farm
17:10 Farm
17:10 Farm
18:38 Farm
18:46 Farm
18:49 Farm
18:49 Farm
19:21 Barracks
21:08 Town Hall
33:46 Orc Burrow
» items
| Healing Salve | 3 | |
| Scroll of Regeneration | 3 | |
| Potion of Healing | 2 | |
| Potion of Mana | 1 | |
| Lesser Clarity Potion | 1 | |
| Scroll of Town Portal | 1 | |
| Staff of Teleportation | 1 | |
| Orb of Fire | 1 | |
| Orb of Lightning | 1 | |
14 total
Chat log
(00:23 / Allies) n123: 3 orcs
(00:27 / Allies) n123: they'll harass to death
(00:29 / Allies) n123: and mass air
(00:40 / Allies) WWP-DeMoNhUnTeR: im going bats
(00:42 / Allies) n123: potm archers dots
(00:46 / Allies) n123: chim smaybe depends
(00:49 / Allies) n123: on our HU aa
(01:10 / Allies) n123: red help me out
(01:11 / Allies) n123: in case 2 harass
(01:17 / Allies) n123: i'll get owl first
(01:19 / Allies) n123: maybe 2 bms
(01:28 / Allies) WWP-DeMoNhUnTeR: kk
(02:12 / Allies) n123: mass a bit
(02:15 / All) fukyougringo: who control?
(02:17 / All) n123: ... Fixes crappy router
(02:21 / All) TEAM-YENNEFER: aint dling bitches
(02:29 / All) TEAM-YENNEFER: im white, i got money for good router
(02:36 / All) n123: loool
(02:46 / Allies) WWP-DeMoNhUnTeR: lo'l
(03:35 / Allies) n123: tinker coming
(03:57 / All) RoboCop: jesus
(04:04 / Allies) WWP-DeMoNhUnTeR: go em
(04:13 / Allies) WWP-DeMoNhUnTeR: gj green
(04:43 / Allies) n123: 2 tinerks
(04:48 / Allies) n123: kill the houses first in battle
(04:51 / All) RoboCop: dgpd
(04:59 / All) RoboCop: faggot fucking retard
(05:17 / All) GoblinAlchemist: I got one of those at my base too
(05:51 / Allies) n123: come
(06:26 / All) RoboCop: jesus
(06:30 / All) RoboCop: would you fuck off you moron?
(07:40 / All) RoboCop: fucking retarded fucking trash dude
(07:40 / Allies) n123: b
(07:41 / Allies) n123: mel;eel
(07:47 / All) RoboCop: durrr
(07:51 / All) RoboCop: I'll stay level 1 forever
(07:59 / All) RoboCop: but teal will be only only level 3!
(08:12 / All) n123: LOL
(08:14 / All) n123: l1 heroes
(08:18 / All) RoboCop: I'll kill some fuckiong farms!
(09:07 / Allies) n123: going agaon to hit teal
(09:09 / Allies) n123: purple and pink
(09:10 / Allies) n123: hit here
(09:13 / Allies) WWP-DeMoNhUnTeR: kk
(09:20 / Allies) n123: red cancle tower
(09:36 / Allies) WWP-DeMoNhUnTeR: im worried about bats
(09:37 / Allies) n123: wood?
(09:53 / Allies) n123: clear then hit
(09:54 / Allies) n123: need lvl3
(09:56 / Allies) WWP-DeMoNhUnTeR: kk
(10:23 / All) RoboCop: ignorant cunt
(10:28 / All) n123: LOOOL
(11:05 / All) RoboCop: gtfo
(11:30 / All) RoboCop: jesus who has aa?
(11:37 / Allies) n123: tjeu jave pno air omfg
(11:41 / Allies) Tiro: wtf
(11:57 / Allies) Tiro: gg
(11:57 / Allies) n123: gold now
(11:59 / Allies) GoblinAlchemist: english?
(12:01 / Allies) GoblinAlchemist: I don't speak spic
(12:15 / Allies) n123: lets go red
(12:22 / Allies) n123: shit need tp
(12:49 / Allies) n123: go kill main rd
(13:03 / Allies) n123: guys gold me
(13:05 / Allies) n123: puprle
(13:06 / Allies) WWP-DeMoNhUnTeR: kk
(13:09 / Allies) n123: 3000 gold omfg
(13:19 / Allies) n123: PURPE
(13:21 / Allies) n123: GOLD ME ALL NOW
(13:37 / Allies) GoblinAlchemist: or what, pussy?
(13:45 / Allies) GoblinAlchemist: you're not the boss of me
(13:47 / All) RoboCop: fucking ignorant faggot
(14:28 / All) GoblinAlchemist: I have a noob team
(14:28 / All) GoblinAlchemist: gg
(14:35 / All) RoboCop: focus me dumb fuck
(14:37 / All) RoboCop: do it!
(14:49 / All) RoboCop: ignorant piece of shit
(15:01 / All) GoblinAlchemist: Green + pink + red = noobs
(15:56 / All) TEAM-YENNEFER: why the hell did ur team leave so fast
(16:15 / All) GoblinAlchemist: pussy team
(16:26 / All) RoboCop: they just kept hitting me lawl
(16:40 / All) RoboCop: all that solves is they stopped me from getting level 5 quick
(18:20 / All) GoblinAlchemist: woot transmute
(23:47 / All) TEAM-YENNEFER: wow gay towers pruple
(24:00 / All) GoblinAlchemist: 1v4 anytime son
(25:43 / All) fukyougringo: fuck you purp+
(25:48 / All) GoblinAlchemist: 1v4 you anytime
(25:49 / All) GoblinAlchemist: gg noob
(25:51 / All) TEAM-YENNEFER: wtf purp do lol
(25:56 / All) GoblinAlchemist: I raped him
(25:57 / All) TEAM-YENNEFER: YELLOW WTF
(25:59 / All) TEAM-YENNEFER: YELLOW TK
(26:04 / All) GoblinAlchemist: yellow so mad he tk?
(26:09 / All) GoblinAlchemist: yellow how mad you are bro?
(26:14 / All) GoblinAlchemist: how mad you are?
(27:17 / All) TEAM-YENNEFER: yellow tked and called me the fag
(27:54 / All) GoblinAlchemist: CARE FOR A COCKTAIL?
(29:04 / All) TEAM-YENNEFER: they always act like they dont care when they cant do anything
(29:06 / All) GoblinAlchemist: brb gotta piss
(29:13 / All) TEAM-YENNEFER: but if they can, they would try as hard as possible
(31:21 / All) RoboCop: kill yellows base
(31:37 / All) RoboCop: lawl
(31:41 / All) TEAM-YENNEFER: gay game
(31:43 / All) RoboCop: green and red lose
(31:44 / All) TEAM-YENNEFER: bob couldnt relax
(31:59 / All) RoboCop: YEah always happens when we do some kind of gimmick